 Dungeon Crawl Stone Soup version 0.27-a0-1612-gde56a17b89 (webtiles) character file.

Game seed: 7445035484516667668

921 siradein the Slicer (level 7, 0/51 HPs)
             Began as a Vampire Fighter on July 22, 2021.
             Succumbed to a kobold brigand's curare-tipped dart
             ... on level 4 of the Dungeon.
             The game lasted 00:07:05 (3523 turns).

siradein the Slicer (Vampire Fighter)               Turns: 3523, Time: 00:07:06

Health: 0/51       AC:  7    Str: 15    XL:     7   Next: 84%
Magic:  7/7        EV:  9    Int: 13    God:
Gold:   170        SH:  0    Dex: 13    Spells: 6/6 levels left

rFire    . . .     SeeInvis +   g - +1 dagger (venom)
rCold    . . .     Faith    .   (no shield)
rNeg     . . .     Spirit   .   b - +0 scale mail
rPois    +         Reflect  .   (no helmet)
rElec    .         Harm     .   (no cloak)
rCorr    .         Rampage  .   (no gloves)
Will     .....                  h - +0 pair of boots
Stlth    ..........             (no amulet)
HPRegen  0.37/turn              f - ring of poison resistance
MPRegen  0.10/turn              (no ring)

@: lethally poisoned (0 -> -11), healing quickly, slowed, very slow
A: alive, fangs 3, see invisible, vampiric 2
a: Exsanguinate


You were on level 4 of the Dungeon.
You visited 1 branch of the dungeon, and saw 4 of its levels.

You collected 170 gold pieces.

Inventory:

Hand Weapons
 a - a +0 rapier
 g - a +1 dagger of venom (weapon)
 k - a +6 dagger
Armour
 b - a +0 scale mail (worn)
 c - a +0 kite shield
 h - a +0 pair of boots (worn)
 m - a +2 robe of the Archmagi
Jewellery
 f - a ring of poison resistance (left hand)
Scrolls
 e - 5 scrolls of identify {unknown}
 j - 3 scrolls of teleportation {unknown}
 l - a scroll of immolation {unknown}
 n - 2 scrolls of amnesia {unknown}
 o - a scroll of brand weapon {unknown}
 p - a scroll of vulnerability {unknown}
Potions
 d - 2 potions of might
 i - 2 potions of magic {unknown}


   Skills:
 - Level 2.6 Fighting
 + Level 10.0 Short Blades
 - Level 2.4 Armour
 - Level 2.6 Shields


You had 6 spell levels left.
You didn't know any spells.
Your spell library contained the following spells:

 Spells                   Type           Power      Damage    Failure   Level
 Corpse Rot               Necr/Air       N/A        N/A       87%         2
 Dispel Undead            Necr           0%         3d6       100%        4
 Death Channel            Necr           0%         N/A       100%        6


Dungeon Overview and Level Annotations

Branches:
Dungeon (4/15)
 Temple: D:4-7

Altars:

Annotations:
D:2 1 runed translucent door, Crazy Yiuf


Innate Abilities, Weirdness & Mutations

Your natural rate of healing is accelerated.
You have razor-sharp teeth.
You have supernaturally acute eyesight. (SInv)
You are afflicted with vampirism and can become a bat while bloodless.


Message History

You are poisoned.
You have difficulty breathing.
You feel yourself slow down.
Things that are here:
a +0 falchion; a ruby potion You hit the orc priest but do no damage.
The orc priest is poisoned.
You feel sick.
You hit the orc priest but do no damage.
The orc priest looks as sick as possible!
The orc priest is lightly wounded.
You feel sick. The orc priest barely misses you.
You hit the orc priest.
The orc priest looks as sick as possible!
The orc priest is heavily wounded.
You feel sick. The orc hits you with a +0 hand axe.
The orc priest hits you with a +0 quarterstaff.
You hit the orc priest but do no damage.
The orc priest looks as sick as possible!
The orc priest is heavily wounded.
You feel sick. The orc hits you with a +0 hand axe.
You hit the orc priest.
The orc priest is almost dead.
You feel sick.
You kill the orc priest!
The orc hits you with a +0 short sword. The orc closely misses you.
You hit the orc.
The orc is poisoned.
The orc is lightly wounded.
You feel sick. The orc hits you with a +0 short sword.
The kobold brigand throws a curare-tipped dart.
The curare-tipped dart hits you.
You are more poisoned.
You have difficulty breathing.
You feel as though you will be slow longer.
* * * LOW HITPOINT WARNING * * *
You feel extremely sick. The orc hits you but does no damage.
The orc hits you with a +0 hand axe.
* * * LOW HITPOINT WARNING * * *
* * * LOW HITPOINT WARNING * * *
You feel very sick. The orc barely misses you.
You die...

......##...........
..#.........#..........
...
..#........###.........
...
...........#....#.....
..# ......#........##....
..#
...#.....##....)##.###.##
#.####..##...†..........#
###
#...........#K....####
##......)..@.o)).....#
##...#...†...#o........
#....#......##....#....
###...##...#####......#
##.......# ##.....
#......## ..... #...####
..## ##### .##


You could see a kobold brigand and 2 orcs.

Vanquished Creatures
  Pikel (D:3)
  Sigmund (D:3)
  A black bear (D:4)
  A hound (D:2)
  An orc priest (D:4)
  Jessica (D:3)
  An iguana (D:3)
  A hound skeleton (D:4)
  3 gnolls (D:4)
  6 adders
  An adder skeleton (D:4)
  A worm (D:3)
  4 dart slugs
  2 orcs (D:4)
  6 ball pythons
  6 bats
  An endoplasm (D:4)
  3 giant cockroaches
  8 goblins
  2 hobgoblins
  4 jackals (D:4)
  5 quokkas
  6 frilled lizards
  4 kobolds
  7 rats
77 creatures vanquished.

Notes
Turn   | Place    | Note
-------+----------+-------------------------------------------
     0 | D:1      | siradein the Vampire Fighter began the quest for the Orb.
     0 | D:1      | Reached XP level 1. HP: 17/17 MP: 1/1
   155 | D:1      | Reached skill level 3 in Short Blades
   155 | D:1      | Reached XP level 2. HP: 21/23 MP: 2/2
   228 | D:1      | Found a faded altar of an unknown god.
   683 | D:1      | Gained mutation: You are afflicted with vampirism and can
                  | become a bat while bloodless. [Vampire growth]
   683 | D:1      | Reached XP level 3. HP: 28/28 MP: 3/3
   861 | D:2      | Reached skill level 4 in Short Blades
   975 | D:2      | Found a runed translucent door.
   976 | D:2      | Noticed Crazy Yiuf
  1976 | D:3      | Noticed Jessica
  2014 | D:2      | Reached XP level 4. HP: 5/34 MP: 4/4
  2019 | D:2      | HP: 1/34 [poisoned by an adder]
  2186 | D:3      | Killed Jessica
  2187 | D:3      | Reached skill level 5 in Short Blades
  2497 | D:3      | Noticed Sigmund
  2533 | D:4      | Noticed Pikel
  2533 | D:4      | Noticed a lemure
  2533 | D:4      | Noticed a lemure
  2533 | D:4      | Noticed a lemure
  2533 | D:4      | Noticed a kobold brigand
  2564 | D:4      | Noticed a lemure
  2608 | D:2      | Reached skill level 6 in Short Blades
  2608 | D:2      | Reached XP level 5. HP: 16/35 MP: 5/5
  2827 | D:3      | Killed Sigmund
  2828 | D:3      | Reached skill level 7 in Short Blades
  2828 | D:3      | Reached XP level 6. HP: 28/46 MP: 6/6
  3105 | D:3      | Killed Pikel
  3106 | D:3      | Reached skill level 9 in Short Blades
  3106 | D:3      | Reached XP level 7. HP: 45/51 MP: 7/7
  3514 | D:4      | Reached skill level 10 in Short Blades
  3523 | D:4      | Succumbed to a kobold brigand's curare-tipped dart

Illustrated notes

Levels and vault maps discovered:
D:1:      sevenhm_arrival_forest_fort_small_5, layout_loops_ring,
          ebering_ecumenical_altar_hall, chequers_jeans
D:2:      layout_basic, uniq_crazy_yiuf_cottage
D:3:      layout_rooms, uniq_sigmund, uniq_jessica
D:4:      layout_cave_pools, nicolae_vehumet_altar_sigil, uniq_pikel

Skill      XL: |  1  2  3  4  5  6  7 |
---------------+----------------------+-----
Short Blades   | 3 4 6 7 9 10 | 10.0
Fighting       | |  2.6
Armour         | |  2.4
Shields        | |  2.6

Action                   |  1- 3 |  4- 6 |  7- 9 || total
-------------------------+-------+-------+-------++-------
Melee: Rapier            |   101 |       |       ||   101
       Bite              |     7 |     9 |     9 ||    25
       Dagger            |    24 |    84 |    86 ||   194
 Abil: Exsanguinate      |       |     1 |       ||     1
       Revivify          |       |     1 |       ||     1
Armor: Scale mail        |    87 |    42 |    23 ||   152
Dodge: Dodged            |    79 |    44 |    32 ||   155

Table legend: (Time is in decaauts)
 A = Elapsed time spent in this place.
 B = Non-inter-level travel time spent in this place.
 C = Inter-level travel time spent in this place.
 D = Time resting spent in this place.
 E = Time spent auto-exploring this place.
 F = Levels seen in this place.
 G = Mean time per level.
                   A        B        C        D        E       F      G
               +--------+--------+--------+--------+--------+-----+--------+
         Total |   3458 |   3361 |     97 |     60 |   2578 |   4 |  864.5 |
       Dungeon |   3458 |   3361 |     97 |     60 |   2578 |   4 |  864.5 |
               +--------+--------+--------+--------+--------+-----+--------+

Top non-repeatable levels by time:
     D:2: 1441 daAuts
     D:1: 827 daAuts
     D:3: 797 daAuts
     D:4: 391 daAuts
